 Dungeon Crawl Stone Soup version 0.27-a0-1272-g7c8ad2e407 (webtiles) character file.

Game seed: 11288876602335351212

5824 Anathary the Cleaver (level 10, -4/88 HPs)
             Began as a Minotaur Fighter on June 11, 2021.
             Was an Initiate of Cheibriados.
             Slain by an orc warrior
             ... wielding a +0 halberd
              (5 damage)
             ... on level 9 of the Dungeon.
             The game lasted 00:33:28 (10363 turns).

Anathary the Cleaver (Minotaur Fighter)            Turns: 10363, Time: 00:33:28

Health: -4/88      AC: 11    Str: 22 (23) XL:     10   Next: 51%
Magic:  9/9        EV: 12    Int:  7      God:    Cheibriados [......]
Gold:   589        SH: 11    Dex: 10 (12) Spells: 9/9 levels left

rFire    . . .     SeeInvis .   m - +1 broad axe
rCold    . . .     Faith    .   c - +0 kite shield
rNeg     . . .     Spirit   .   n - +0 steam dragon scales
rPois    .         Reflect  .   (helmet restricted)
rElec    .         Harm     .   b - +0 cloak
rCorr    .         Rampage  .   (no gloves)
Will     .....                  (no boots)
Stlth    +.........             (no amulet)
HPRegen  0.24/turn              p - +4 ring of protection
MPRegen  0.11/turn              (no ring)

@: marked, very slow
A: horns 2, retaliatory headbutt
a: Renounce Religion, Bend Time


You were on level 9 of the Dungeon.
You worshipped Cheibriados.
Cheibriados was noncommittal.
You visited 2 branches of the dungeon, and saw 10 of its levels.

You collected 589 gold pieces.

Inventory:

Hand Weapons
 m - a +1 broad axe (weapon)
Missiles
 v - 2 throwing nets (quivered)
Armour
 b - a +0 cloak (worn)
 c - a +0 kite shield (worn)
 n - +0 steam dragon scales (worn)
Jewellery
 p - a +4 ring of protection (left hand)
Wands
 d - a wand of paralysis (5)
 o - a wand of flame (16)
 s - a wand of iceblast (11)
Scrolls
 a - a scroll of blinking
 f - 2 scrolls of magic mapping
 g - 2 scrolls of identify
 i - a scroll of immolation
 l - a scroll of silence
 u - a scroll of fear
Potions
 e - 2 potions of flight
 h - a potion of lignification
 j - a potion of berserk rage
 k - 2 potions of might
 q - 2 potions of ambrosia
 r - a potion of degeneration


   Skills:
 + Level 8.1 Fighting
 + Level 12.3 Axes
 + Level 6.4 Armour
 + Level 6.4 Dodging
 + Level 9.4 Shields


You had 9 spell levels left.
You didn't know any spells.
Your spell library contained the following spells:

 Spells                   Type           Power      Damage    Failure   Level
 Animate Skeleton         Necr           0%         N/A       67%         1
 Apportation              Tloc           0%         N/A       67%         1
 Beastly Appendage        Tmut           0%         N/A       67%         1
 Corona                   Hex            0%         N/A       67%         1
 Magic Dart               Conj           0%         1d3       67%         1
 Summon Small Mammal      Summ           0%         N/A       67%         1
 Blink                    Tloc           N/A        N/A       82%         2
 Call Imp                 Summ           0%         N/A       82%         2
 Searing Ray              Conj           0%         3d3       82%         2
 Slow                     Hex            0%         N/A       82%         2
 Wereblood                Tmut           0%         N/A       82%         2
 Conjure Flame            Conj/Fire      0%         6-21      96%         3
 Dazzling Flash           Conj/Hex       0%         N/A       96%         3
 Mephitic Cloud           Conj/Pois/Air  0%         N/A       96%         3
 Spider Form              Tmut/Pois      0%         N/A       96%         3
 Fulminant Prism          Conj/Hex       0%         3d6       100%        4
 Ice Form                 Ice/Tmut       0%         N/A       100%        4
 Iskenderun's Mystic Bla  Conj/Tloc      0%         2d3       100%        4


Dungeon Overview and Level Annotations

Branches:
Dungeon (9/15)             Temple (1/1) D:7
   Lair: D:8-11         Orc: D:9-12

Altars:
Ashenzari
Cheibriados
Dithmenos
Elyvilon
Fedhas
Gozag
Kikubaaqudgha
Makhleb
Nemelex Xobeh
Okawaru
Qazlal
Ru
Trog
Uskayaw
Wu Jian
Xom
Yredelemnul
The Shining One

Shops:
D:1 *   D:5 *


Innate Abilities, Weirdness & Mutations

You have a pair of horns on your head.
You reflexively headbutt those who attack you in melee.


Message History

An orc priest comes into view. It is wielding a +0 club.
You block the orc warrior's attack. The orc warrior barely misses you.
You furiously retaliate!
You headbutt the orc warrior.
Things that are here:
a +0 long sword of flaming; a +3 scale mail of willpower You closely miss the orc warrior.
The orc warrior is moderately wounded.
You block the orc warrior's attack.
You completely miss the orc warrior.
The orc warrior is moderately wounded.
The orc warrior hits you with a +0 halberd!
An orc comes into view. It is wielding a +0 dagger.
You barely miss the orc warrior.
You headbutt the orc warrior, but do no damage.
The orc warrior is moderately wounded.
You block the orc warrior's attack.
You closely miss the orc warrior. You headbutt the orc warrior!
The orc warrior is heavily wounded.
You block the orc warrior's attack.
You barely miss the orc warrior.
The orc warrior is heavily wounded.
The orc warrior barely misses you.
The orc priest miscasts a cantrip.
You slash the orc warrior!
The orc warrior is severely wounded.
The orc warrior hits you with a +0 halberd!
* * * LOW HITPOINT WARNING * * *
You hit the orc warrior but do no damage.
Your headbutt misses the orc warrior.
The orc warrior is severely wounded.
The orc warrior hits you with a +0 halberd.
* * * LOW HITPOINT WARNING * * *
The orc warrior hits you with a +0 halberd.
* * * LOW HITPOINT WARNING * * *
You feel better.
The orc priest calls down the wrath of Beogh upon you.
Beogh smites you!
* * * LOW HITPOINT WARNING * * *
The orc warrior hits you with a +0 halberd.
You die...

#. #.#.#
.#.#.#### ####
.#.#....# #..
.#.#....# #.#
...#....# #.#
........# #.#
....#...# #@#
.#..'...+ #o#
##.#...########o#
##.#..........oo#
#..#...##########
#..#.### #.##.#
#.##.# #.##.#


You could see an orc warrior, an orc priest and 2 orcs.

Vanquished Creatures
  Harold (D:9)
  A two-headed ogre (D:7)
  Erica (D:8)
  Maurice (D:8)
  Maggie (D:6)
  2 wyverns
  2 water moccasins (D:7)
  A hornet zombie (D:7)
  2 ice beasts (D:7)
  4 black bears
  An ogre (D:7)
  2 sky beasts
  A centaur (D:7)
  2 phantoms (D:6)
  A kobold brigand (D:6)
  3 bullfrogs
  Blork the orc (D:6)
  2 scorpions
  A water moccasin skeleton (D:4)
  10 killer bees
  A howler monkey (D:6)
  2 centaur zombies
  2 bullfrog zombies
  A jelly (D:7)
  3 centaur skeletons
  3 hounds
  3 iguanas
  An orc wizard (D:4)
  A killer bee zombie (D:4)
  A hound zombie (D:5)
  A howler monkey zombie (D:3)
  2 howler monkey skeletons
  7 gnolls
  4 adders
  2 ufetubi (D:5)
  An adder skeleton (D:4)
  4 dart slugs
  16 orcs
  2 bats (D:2)
  6 endoplasms
  6 goblins
  3 hobgoblins
  7 jackals
  9 kobolds
  A quokka (D:2)
  7 ball pythons
  4 rats
140 creatures vanquished.

Notes
Turn   | Place    | Note
-------+----------+-------------------------------------------
     0 | D:1      | Anathary the Minotaur Fighter began the quest for the Orb.
     0 | D:1      | Reached XP level 1. HP: 19/19 MP: 0/0
   337 | D:1      | Reached XP level 2. HP: 27/27 MP: 1/1
   577 | D:1      | Found Taim's Assorted Antiques.
  1357 | D:2      | Reached XP level 3. HP: 31/33 MP: 2/2
  2286 | D:3      | Reached skill level 3 in Axes
  2294 | D:3      | Reached XP level 4. HP: 21/40 MP: 3/3
  2628 | D:3      | Reached skill level 1 in Dodging
  3357 | D:4      | Found a shadowy altar of Dithmenos.
  3505 | D:4      | Reached skill level 4 in Axes
  3505 | D:4      | Reached XP level 5. HP: 35/46 MP: 4/4
  3614 | D:4      | Reached skill level 5 in Armour
  3850 | D:4      | Reached XP level 6. HP: 50/53 MP: 5/5
  3881 | D:4      | Reached skill level 5 in Axes
  3881 | D:4      | Reached skill level 5 in Shields
  4419 | D:5      | Entered Level 5 of the Dungeon
  4436 | D:5      | Found a stormy altar of Qazlal.
  4438 | D:5      | Found an opulent altar of Gozag.
  4438 | D:5      | Found an ornate altar of the Wu Jian Council.
  4439 | D:5      | Found an iron altar of Okawaru.
  4690 | D:5      | Reached skill level 6 in Axes
  4690 | D:5      | Reached XP level 7. HP: 60/60 MP: 6/6
  4719 | D:5      | Found Zololimn's General Store.
  4942 | D:5      | Reached skill level 5 in Fighting
  5199 | D:6      | Noticed Maggie
  5217 | D:6      | Killed Maggie
  5218 | D:6      | Reached skill level 7 in Axes
  5218 | D:6      | Reached XP level 8. HP: 34/68 MP: 7/7
  5771 | D:6      | Reached skill level 8 in Axes
  6135 | D:6      | Noticed Blork the orc
  6151 | D:6      | Reached skill level 9 in Axes
  6152 | D:6      | Killed Blork the orc
  6899 | D:7      | Noticed a two-headed ogre
  6909 | D:7      | Reached XP level 9. HP: 65/75 MP: 8/8
  6923 | D:7      | Killed a two-headed ogre
  6924 | D:7      | Reached skill level 10 in Axes
  7429 | D:7      | Found a staircase to the Ecumenical Temple.
  7437 | D:7      | Reached skill level 11 in Axes
  7541 | Temple   | Entered the Ecumenical Temple
  7547 | Temple   | Became a worshipper of Cheibriados the Contemplative
  7582 | D:7      | Reached skill level 5 in Dodging
  8095 | D:7      | Identified the +7 falchion of Oenomania {drain, rN++ Int-2}
  8445 | D:7      | Identified a scroll of acquirement
  8445 | D:7      | Acquired a +1 vorpal executioner's axe
  8536 | D:8      | Reached XP level 10. HP: 86/86 MP: 9/9
  9007 | D:8      | Noticed Erica
  9017 | D:8      | Killed Erica
  9770 | D:8      | Noticed Maurice
  9788 | D:8      | Paralysed by Maurice for 2 turns
  9928 | D:8      | Paralysed by something for 2 turns
  9930 | D:8      | Killed Maurice
 10298 | D:9      | Reached skill level 12 in Axes
 10318 | D:9      | Noticed Harold
 10344 | D:9      | Killed Harold
 10363 | D:9      | HP: 1/88 [orc priest/divine providence (17)]
 10363 | D:9      | Slain by an orc warrior

Illustrated notes

Levels and vault maps discovered:
D:1:      zelgadis_glass_arrival_small, layout_basic, serial_shops, shop
D:2:      layout_basic
D:3:      layout_loops_ring
D:4:      layout_cave_pools, kennysheep_little_box
D:5:      layout_basic, grunt_temple_overflow_open, serial_shops, shop
D:6:      layout_basic, uniq_blork_the_orc, uniq_maggie
D:7:      layout_basic, minmay_temple_entry_tees, minmay_starry_boxes
D:8:      layout_loops_corners, minivault_23, centaur_isle, uniq_erica,
          uniq_maurice
D:9:      layout_basic, marbit_many_paths, uniq_harold
Temple:   nicolae_temple_x_marks_the_god

Skill      XL: |  1  2  3  4  5  6  7  8  9 10 |
---------------+-------------------------------+-----
Armour         | 4 5 6 |  6.4
Shields        | 4 5 6 7 8 9 |  9.4
Fighting       | 4 5 6 7 8 |  8.1
Axes           | 3 4 6 7 9 11 12 | 12.3
Dodging        | 1 3 5 6 |  6.4

Action                   |  1- 3 |  4- 6 |  7- 9 | 10-12 || total
-------------------------+-------+-------+-------+-------++-------
Melee: War axe           |    86 |    20 |       |       ||   106
       Headbutt          |    14 |    20 |    43 |     9 ||    86
       Broad axe         |       |    92 |   219 |    70 ||   381
  Use: Scroll            |       |       |    12 |       ||    12
       Potion            |       |       |    10 |     2 ||    12
Armor: Scale mail        |    35 |     4 |       |       ||    39
       Plate armour      |       |   103 |    30 |       ||   133
       Steam dragon scal |       |       |    86 |     7 ||    93
Dodge: Dodged            |    31 |    23 |   117 |    28 ||   199
Block: Kite shield       |    50 |    64 |   156 |    42 ||   312

Table legend: (Time is in decaauts)
 A = Elapsed time spent in this place.
 B = Non-inter-level travel time spent in this place.
 C = Inter-level travel time spent in this place.
 D = Time resting spent in this place.
 E = Time spent auto-exploring this place.
 F = Levels seen in this place.
 G = Mean time per level.
                   A        B        C        D        E       F      G
               +--------+--------+--------+--------+--------+-----+--------+
         Total |  10994 |  10687 |    307 |   3296 |   4583 |  10 | 1099.4 |
       Dungeon |  10980 |  10673 |    307 |   3296 |   4583 |   9 | 1220.0 |
        Temple |     14 |     14 |      0 |      0 |      0 |   1 |   14.0 |
               +--------+--------+--------+--------+--------+-----+--------+

Top non-repeatable levels by time:
     D:8: 2050 daAuts
     D:7: 1884 daAuts
     D:6: 1629 daAuts
     D:3: 1329 daAuts
     D:4: 1113 daAuts
     D:2: 1097 daAuts
     D:1: 990 daAuts
     D:5: 766 daAuts
     D:9: 118 daAuts
  Temple: 14 daAuts
